Map: Eternal Empire LE

Players

liquidthermy (uThermal) - Winner!

  • Race: Terran Terran
  • Spawn Location: 1:00

Kelazhur

  • Race: Terran Terran
  • Spawn Location: 7:00

Event: StayAtHomestory Cup #2

VOD

Have the link to the VOD?

Description

Time

  • Played on: June 11, 2020, 3:06 p.m.
  • Length: 19:41

All games in this series

Show
View Real Time Build Order
Export as new Build Order

liquidthermy Terran - Winner!

Build Orders:  

Get SALT Encoding   

  12  0:01  SCV  
  13  0:13  SCV  
  14  0:17  Supply Depot  
  14  0:25  SCV  
  15  0:39  SCV, Barracks  
  16  0:43  Refinery  
  16  0:51  SCV  
  17  0:59  Barracks  
  18  1:04  SCV  
  18  1:16  SCV  
  19  1:28  Reaper, Orbital Command  
  20  1:36  Supply Depot  
  20  1:47  Reaper  
  20  1:53  SCV  
  22  1:58  Refinery  
  23  2:03  Reaper  
  23  2:06  SCV  
  23  2:18  SCV  
  23  2:22  Marine  
  25  2:30  SCV  
  25  2:32  Command Center  
  25  2:35  Marine  
  27  2:42  SCV  
  28  2:46  Factory  
  28  2:56  SCV  
  28  2:58  Barracks Reactor  
  29  2:59  Bunker  
  29  3:05  Supply Depot  
  29  3:09  SCV  
  29  3:12  Barracks Tech Lab  
  30  3:21  SCV  
  31  3:33  Starport  
  31  3:35  Cyclone  
  31  3:36  SCV  
  31  3:37  Marine  
  31  3:41  Marine  
  36  3:44  Marine  
  34  3:54  Orbital Command  
  31  3:55  Marine  
  31  3:59  Marine  
  31  4:02  Marine  
  29  4:11  SCV  
  30  4:21  SCV  
  30  4:23  SCV, Marine x2  
  34  4:24  Marine  
  35  4:33  SCV  
  35  4:35  SCV  
  37  4:39  Raven  
  37  4:42  Barracks Tech Lab  
  37  4:45  SCV  
  40  4:48  SCV  
  41  4:57  SCV  
  41  4:59  Command Center  
  42  5:02  SCV, Factory Reactor  
  43  5:08  Stimpack  
  43  5:09  SCV, Marine  
  43  5:10  Marine  
  43  5:12  Marine  
  47  5:14  SCV  
  47  5:20  Supply Depot  
  48  5:21  SCV, Refinery  
  48  5:22  Refinery  
  48  5:26  SCV, Marine  
  51  5:32  Marine x2  
  51  5:33  SCV  
  54  5:36  Supply Depot  
  54  5:42  SCV  
  55  5:44  Marine  
  55  5:46  SCV  
  57  5:50  Medivac x2, Marine  
  62  5:57  SCV, Siege Tank  
  62  5:58  SCV  
  62  5:59  Marine  
  62  6:02  Marine  
  69  6:07  Supply Depot  
  69  6:09  SCV  
  69  6:11  SCV  
  71  6:12  Orbital Command  
  71  6:22  SCV, Engineering Bay x2  
  72  6:29  Marine x2, Siege Tank  
  72  6:30  Marine  
  79  6:32  SCV  
  79  6:34  SCV  
  80  6:45  SCV, Barracks  
  81  6:47  Marine  
  81  6:48  Orbital Command, Marine  
  81  6:50  Starport Reactor, Marine, Combat Shield  
  81  6:51  SCV  
  85  7:00  Liberator  
  75  7:02  Siege Tank  
  75  7:03  SCV  
  75  7:05  Marine  
  75  7:06  Marine  
  75  7:08  Marine  
  78  7:12  Terran Infantry Weapons Level 1, Terran Infantry Armor Level 1  
  77  7:26  Barracks  
  77  7:29  Supply Depot  
  77  7:33  Marine  
  77  7:35  SCV, Marine x2  
  77  7:41  Orbital Command  
  77  7:42  Siege Tank  
  77  7:46  SCV  
  77  7:47  SCV  
  77  7:50  Marine  
  72  7:53  Marine  
  67  7:58  SCV  
  67  7:59  SCV  
  67  8:00  Starport Reactor  
  67  8:03  Marine  
  63  8:08  Marine  
  63  8:11  SCV  
  65  8:21  Orbital Command  
  65  8:22  Marine  
  63  8:30  SCV x2  
  63  8:32  Marine  
  64  8:42  Marine  
  64  8:43  Marine  
  65  8:50  Siege Tank  
  65  8:52  SCV  
  65  8:53  Marine  
  71  8:55  SCV  
  71  9:00  Marine  
  71  9:02  Marine  
  71  9:05  Refinery x2  
  71  9:06  Barracks  
  71  9:07  Armory  
  71  9:09  SCV  
  70  9:10  SCV  
  70  9:11  Marine  
  70  9:12  SCV  
  70  9:15  Barracks Reactor  
  65  9:21  SCV, Marine  
  65  9:22  SCV, Marine  
  69  9:28  SCV  
  69  9:29  Marine  
  74  9:33  SCV  
  74  9:36  SCV  
  74  9:37  Medivac x2  
  77  9:40  SCV  
  77  9:41  Missile Turret  
  77  9:44  Marine  
  77  9:45  SCV  
  80  9:48  Marine  
  80  9:49  Supply Depot, Missile Turret  
  81  9:53  Siege Tank  
  83  10:00  Marine  
  83  10:04  Marine x2  
  79  10:10  Marine  
  79  10:11  Marine  
  79  10:12  Terran Infantry Weapons Level 2  
  79  10:13  SCV  
  82  10:14  SCV  
  82  10:15  SCV, Marine  
  82  10:16  Supply Depot  
  82  10:18  Marine  
  82  10:20  Orbital Command  
  86  10:23  Supply Depot, Terran Infantry Armor Level 2  
  86  10:24  Marine  
  86  10:25  SCV  
  86  10:27  SCV  
  90  10:29  Marine  
  87  10:37  SCV  
  87  10:39  SCV  
  87  10:42  Marine  
  90  10:43  Marine x2  
  90  10:48  SCV  
  90  10:49  SCV  
  94  10:50  Marine x2  
  94  10:51  Medivac, Siege Tank  
  94  10:52  SCV  
  102  10:58  Medivac  
  102  11:01  Marine  
  102  11:03  Supply Depot, Marine  
  106  11:09  Marine  
  106  11:10  Missile Turret, Marine  
  107  11:13  Marine  
  107  11:14  Marine  
  109  11:21  Marine  
  109  11:22  Medivac, Marine  
  107  11:26  Marine  
  107  11:28  Medivac  
  105  11:34  SCV  
  105  11:36  Supply Depot  
  106  11:43  Siege Tank  
  106  11:44  Marine  
  106  11:46  Marine  
  108  11:47  Marine x2  
  108  11:48  SCV x2  
  108  11:51  Marine  
  108  11:52  Medivac  
  108  11:53  SCV, Marine  
  110  12:02  Marine  
  110  12:03  Marine  
  110  12:05  Marine, Sensor Tower  
  113  12:10  SCV  
  113  12:11  SCV, Refinery  
  113  12:12  Refinery, Marine x3  
  118  12:15  Siege Tank  
  118  12:20  Marine  
  118  12:21  Marine  
  123  12:24  Supply Depot  
  123  12:25  Supply Depot, Marine  
  124  12:30  Marine  
  124  12:34  Terran Infantry Weapons Level 3  
  125  12:38  Marine  
  125  12:39  Marine  
  125  12:40  Marine  
  125  12:46  Marine x2  
  125  12:47  Marine  
  125  12:51  Siege Tank  
  131  12:56  Medivac, Marine  
  131  12:57  Medivac, Marine  
  131  12:58  Marine  
  138  13:03  Marine x2  
  138  13:05  Marine  
  136  13:06  SCV, Supply Depot  
  136  13:08  Supply Depot  
  135  13:14  Marine  
  133  13:21  Marine  
  133  13:23  Siege Tank  
  133  13:24  Marine  
  133  13:25  Marine  
  133  13:26  Medivac, Marine x2  
  137  13:29  Medivac  
  137  13:32  Marine  
  138  13:39  Marine  
  135  13:42  Marine  
  135  13:43  Marine x2  
  135  13:45  Marine  
  114  13:50  Marine  
  115  13:56  Medivac  
  115  13:57  Marine  
  115  13:58  SCV  
  115  13:59  Medivac  
  115  14:00  SCV, Marine x2  
  115  14:01  Marine  
  115  14:02  Marine  
  125  14:08  Marine  
  127  14:15  Marine, Siege Tank  
  131  14:17  Marine  
  131  14:18  Marine  
  131  14:19  Marine  
  131  14:20  Marine  
  135  14:25  Marine  
  136  14:31  SCV  
  136  14:32  Marine  
  136  14:35  Marine  
  136  14:36  Marine  
  136  14:37  Marine  
  136  14:38  Marine  
  141  14:43  Marine  
  143  14:48  Siege Tank  
  143  14:49  Medivac x2  
  143  14:50  Marine  
  151  14:53  Supply Depot, Marine  
  151  14:54  Supply Depot, Marine  
  151  14:55  Marine  
  151  14:56  Supply Depot, Marine  
  155  15:01  Marine  
  146  15:08  Marine  
  146  15:11  Marine  
  146  15:12  Marine  
  146  15:13  Marine  
  150  15:15  Supply Depot  
  150  15:16  Marine  
  150  15:21  Siege Tank  
  154  15:24  Marine  
  154  15:26  Marine  
  156  15:30  Liberator  
  156  15:35  Marine x2  
  160  15:36  Supply Depot, Marine x2  
  160  15:42  Marine  
  164  15:45  Marine  
  164  15:47  Command Center  
  165  15:53  Marine, Siege Tank  
  165  15:56  Marine x2  
  171  16:05  Marine x2  
  171  16:09  Marine  
  171  16:10  Marine  
  169  16:14  Marine  
  169  16:16  Marine  
  169  16:17  Supply Depot  
  171  16:22  Marine x2  
  173  16:27  Siege Tank  
  173  16:30  Marine  
  173  16:32  Marine  
  178  16:37  Marine  
  178  16:39  Marine  
  180  16:46  Marine  
  181  16:49  Medivac  
  181  16:50  Marine  
  181  16:58  Medivac, Marine  
  181  16:59  Siege Tank  
  181  17:00  Marine  
  184  17:01  Marine  
  184  17:05  Marine  
  184  17:06  Marine  
  187  17:14  Marine  
  188  17:16  Marine  
  188  17:18  Marine  
  188  17:19  Marine  
  191  17:30  Marine x2  
  191  17:33  Marine  
  191  17:34  Marine  
  195  17:40  Siege Tank  
  195  17:41  Marine  
  195  17:42  Marine  
  200  17:46  SCV  
  200  17:47  Marine  
  200  17:49  Marine  
  190  17:53  Marine  
  167  17:58  SCV  
  167  18:00  Marine  
  167  18:01  Marine x2  
  167  18:05  Marine  
  171  18:07  Marine  
  171  18:11  Marine  
  173  18:16  Siege Tank  
  173  18:18  Marine  
  175  18:22  Marine  
  175  18:23  Marine  
  175  18:29  Marine  
  175  18:32  Marine  
  175  18:37  Marine  
  175  18:39  Planetary Fortress  
  174  18:45  Marine x2  
  174  18:46  Marine  
  177  18:49  Siege Tank  
  177  18:56  Marine x3  
  180  19:03  Marine  
  180  19:05  Marine x2  
  180  19:14  Marine x3  
  178  19:21  Marine  
Show
View Real Time Build Order
Export as new Build Order

Kelazhur Terran 

Build Orders:  

Get SALT Encoding   

  12  0:00  SCV  
  13  0:12  SCV  
  14  0:17  Supply Depot  
  14  0:25  SCV  
  15  0:38  SCV  
  15  0:40  Barracks  
  16  0:43  Refinery  
  16  0:50  SCV  
  17  0:59  Barracks  
  17  1:02  SCV  
  18  1:15  SCV  
  19  1:27  Reaper, Orbital Command  
  20  1:33  Supply Depot  
  20  1:49  Reaper  
  20  1:52  SCV  
  22  1:58  Refinery  
  22  2:02  Reaper  
  22  2:04  SCV  
  24  2:16  SCV  
  24  2:21  Reaper  
  26  2:29  SCV  
  27  2:30  Command Center  
  27  2:36  Reaper  
  28  2:42  SCV  
  29  2:46  Supply Depot  
  29  2:53  Reaper  
  29  2:54  SCV  
  31  3:01  Factory  
  31  3:08  SCV  
  32  3:16  Reaper  
  33  3:20  SCV  
  33  3:21  Refinery  
  33  3:25  Reaper  
  35  3:32  SCV  
  35  3:48  Hellion  
  36  3:50  SCV  
  36  3:55  SCV  
  38  4:03  Command Center  
  38  4:08  SCV  
  38  4:11  Factory Tech Lab  
  38  4:12  Starport  
  38  4:14  Orbital Command  
  37  4:20  SCV  
  37  4:22  Barracks Tech Lab  
  37  4:30  Barracks Reactor  
  37  4:32  SCV  
  37  4:36  Siege Tank  
  41  4:40  Engineering Bay  
  41  4:41  SCV, Marine  
  41  4:42  Stimpack  
  41  4:44  SCV  
  44  4:53  SCV  
  44  4:56  SCV  
  46  5:00  Starport Reactor, Marine  
  46  5:04  Barracks  
  46  5:05  SCV  
  48  5:07  Refinery  
  48  5:08  SCV, Terran Infantry Weapons Level 1, Marine  
  48  5:09  Marine  
  51  5:17  SCV, Orbital Command  
  51  5:19  Marine  
  53  5:22  Missile Turret  
  53  5:24  Siege Tank  
  53  5:26  Marine  
  53  5:27  Marine  
  58  5:29  SCV  
  58  5:30  SCV  
  60  5:39  Marine  
  60  5:40  Medivac x2  
  60  5:42  SCV x2  
  67  5:44  Orbital Command  
  67  5:47  Marine x2  
  69  5:50  Supply Depot  
  69  5:55  Barracks Reactor  
  69  6:04  Supply Depot  
  69  6:11  SCV, Marine, Barracks  
  69  6:12  SCV, Barracks, Siege Tank  
  69  6:17  Marine x2  
  77  6:25  Supply Depot  
  77  6:26  SCV x3, Medivac, Liberator  
  85  6:34  Combat Shield  
  85  6:35  Armory  
  85  6:38  Marine  
  85  6:40  SCV  
  85  6:56  SCV  
  85  7:07  Marine  
  85  7:09  Marine  
  85  7:11  Marine  
  85  7:12  Marine  
  85  7:15  Marine  
  85  7:18  SCV  
  85  7:26  Command Center  
  75  7:46  Marine  
  75  7:47  Marine  
  75  7:49  SCV  
  75  7:50  Marine x4  
  70  7:52  SCV  
  70  7:54  Medivac, Marine  
  70  8:00  Terran Infantry Armor Level 1  
  70  8:02  Supply Depot x2  
  70  8:04  SCV x2  
  70  8:11  Medivac, Marine x2, Siege Tank  
  78  8:19  Barracks Reactor, Marine  
  78  8:20  Barracks Reactor  
  78  8:23  Marine x2  
  78  8:24  SCV x2  
  82  8:28  Marine  
  82  8:32  Marine  
  82  8:33  Medivac  
  83  8:36  SCV x2  
  83  8:37  Engineering Bay, Marine  
  83  8:41  Medivac, Marine x2  
  84  8:44  SCV  
  84  8:47  Marine  
  84  8:48  SCV x2  
  83  8:49  Marine  
  83  8:55  Marine  
  83  8:56  SCV  
  83  8:58  Marine  
  83  8:59  Marine x2  
  83  9:00  SCV  
  83  9:01  SCV  
  89  9:10  Marine  
  89  9:15  SCV  
  89  9:17  SCV  
  92  9:21  Marine  
  92  9:22  Marine x7  
  100  9:28  Marine  
  101  9:40  Supply Depot  
  101  9:42  Terran Infantry Weapons Level 2  
  101  9:50  Orbital Command  
  101  9:59  Medivac  
  101  10:00  SCV x2  
  82  10:09  Marine x7  
  82  10:10  Marine  
  82  10:12  Viking  
  87  10:14  SCV x2  
  87  10:18  SCV  
  87  10:19  Terran Infantry Armor Level 2  
  88  10:25  Marine  
  88  10:26  SCV x2  
  88  10:27  Marine  
  92  10:30  SCV  
  92  10:31  Marine  
  92  10:32  Marine x3  
  94  10:38  SCV x2, Marine x3  
  94  10:42  SCV, Supply Depot  
  100  10:45  Supply Depot  
  100  10:46  Marine  
  101  10:50  SCV, Sensor Tower  
  101  10:52  Marine x3  
  101  10:53  Marine  
  106  10:57  SCV x2  
  106  11:02  SCV  
  106  11:03  Supply Depot  
  112  11:04  Siege Tank  
  112  11:10  Marine x8  
  120  11:14  Marine  
  120  11:16  SCV  
  122  11:23  SCV x2  
  122  11:24  Orbital Command  
  108  11:27  Marine  
  108  11:28  Marine x6  
  108  11:29  Marine  
  108  11:32  Marine  
  106  11:38  Siege Tank  
  109  11:45  Marine x3  
  107  11:49  Marine  
  107  11:52  SCV x3  
  107  11:53  Marine x5  
  113  12:03  Marine x2  
  113  12:04  SCV  
  113  12:07  Terran Infantry Weapons Level 3  
  116  12:11  Medivac, Marine, Liberator  
  116  12:13  Marine x2  
  116  12:14  SCV  
  125  12:18  Supply Depot  
  125  12:21  Supply Depot  
  125  12:32  Marine x2  
  127  12:38  Marine  
  127  12:40  Marine x2  
  127  12:41  Marine x2  
  127  12:44  Siege Tank  
  131  12:57  Marine  
  132  13:01  Marine  
  132  13:02  Marine x2  
  132  13:05  SCV x3, Refinery x2, Sensor Tower  
  138  13:06  Command Center  
  138  13:07  Supply Depot, Marine  
  138  13:08  Supply Depot, Marine  
  138  13:10  Supply Depot  
  140  13:13  Marine  
  140  13:15  Marine  
  140  13:17  Marine  
  141  13:22  Medivac, Marine  
  141  13:23  Marine  
  141  13:24  Marine  
  140  13:32  Marine  
  129  13:39  Medivac  
  129  13:41  Marine  
  123  13:43  SCV x2  
  123  13:47  Marine  
  123  13:48  Marine x5  
  108  13:50  SCV  
  108  13:52  Medivac, Marine  
  108  13:55  SCV  
  113  14:06  Marine x6, Siege Tank  
  122  14:18  Marine x3  
  125  14:26  SCV x3  
  125  14:28  Marine  
  125  14:29  Marine x5  
  133  14:36  Marine  
  133  14:38  SCV x2  
  136  14:43  Marine  
  137  14:46  Marine  
  137  14:50  Planetary Fortress  
  137  14:56  Marine x2  
  137  14:58  Marine  
  140  15:05  Siege Tank  
  143  15:07  Marine  
  143  15:09  Liberator  
  143  15:10  Marine  
  143  15:11  Marine  
  147  15:17  Supply Depot  
  147  15:37  Supply Depot  
  147  15:40  Supply Depot  
  147  15:41  Supply Depot  
  137  15:57  Orbital Command  
  137  15:58  Marine x3  
  137  16:02  Marine x4, Liberator x2  
  147  16:16  Marine x3  
  150  16:19  Marine x3  
  150  16:20  Sensor Tower  
  150  16:21  Barracks  
  150  16:22  Barracks x2, Siege Tank  
  155  16:26  Orbital Command  
  155  16:27  Marine  
  152  16:33  SCV  
  152  16:34  Command Center, Marine x3  
  152  16:37  Marine  
  156  16:46  SCV x3  
  153  17:03  Viking  
  155  17:15  Marine  
  156  17:23  Barracks Reactor x3  
  156  17:24  Supply Depot  
  155  17:31  Viking, Siege Tank  
  155  17:34  Marine  
  155  17:35  Marine x2  
  144  17:51  Marine  
  144  17:55  Marine  
  144  17:56  Marine x5  
  144  18:03  Siege Tank  
  147  18:08  Marine x6  
  147  18:09  Marine  
  147  18:10  SCV x2  
  151  18:13  Marine  
  151  18:14  Marine  
  143  18:22  SCV  
  143  18:24  Marine x2  
  137  18:35  Siege Tank  
  139  18:41  Marine  
  139  18:43  Marine x7  
  147  18:58  SCV  
  147  18:59  SCV  
  149  19:23  Marine  
  149  19:26  SCV  
Tags
 
Add a new tag
Caveats
  • Supply blocks, unpowered buildings, or Contaminate may cause inaccurate times.
  • Supply counts are checked every 10 seconds.